 Dungeon Crawl Stone Soup version 0.25.0-11-g1f837a76a1 (webtiles) character file.

Game seed: 4331088574976134938

2150 Esekla the Magician (level 9, -6/46 HPs)
             Began as a Vine Stalker Necromancer on June 25, 2020.
             Was an Elder of Okawaru.
             Mangled by an orc warrior
             ... wielding a +0 halberd
              (16 damage)
             ... on level 7 of the Dungeon.
             The game lasted 00:47:30 (7332 turns).

Esekla the Magician (Vine Stalker Necromancer)      Turns: 7332, Time: 00:47:30

Health: -6/46      AC: 11    Str: 10    XL:     9   Next: 31%
Magic:  0/18       EV: 14    Int: 18    God:    Okawaru [****..]
Gold:   456        SH:  5    Dex: 16    Spells: 14/18 levels left

rFire    . . .     SeeInvis .   a - +1 scimitar (vorpal)
rCold    . . .     Gourm    .   m - +0 buckler
rNeg     . . .     Faith    .   I - +0 steam dragon scales
rPois    +         Spirit   +   (no helmet)
rElec    .         Reflect  .   u - scarf {+Inv}
rCorr    .         Harm     .   s - +0 pair of gloves
MR       +....                  y - +0 pair of boots
Stlth    +++.......             (no amulet)
HPRegen  0.55/turn              A - +4 ring of protection
MPRegen  0.16/turn              q - ring of poison resistance

@: slowed, very slow
A: fangs 3, regeneration 1, magic shield, antimagic bite, no potion heal 3, rot
immunity
a: Heroism, Renounce Religion, Evoke Invisibility


You were on level 7 of the Dungeon.
You worshipped Okawaru.
Okawaru was greatly pleased with you.
You were hungry.

You visited 2 branches of the dungeon, and saw 8 of its levels.
You visited the Abyss 1 time.
You also visited: Sewer.

You collected 456 gold pieces.

Inventory:

Hand Weapons
 a - a +1 vorpal scimitar (weapon)
 p - a +2 dagger of protection
 x - a +0 trident
Missiles
 r - 7 boomerangs (quivered)
Armour
 m - a +0 buckler (worn)
 s - a +0 pair of gloves (worn)
 u - a scarf of invisibility (worn)
 y - a +0 pair of boots (worn)
 I - +0 steam dragon scales (worn)
Jewellery
 b - a +6 ring of dexterity
 q - a ring of poison resistance (right hand)
 A - a +4 ring of protection (left hand)
Wands
 B - a wand of disintegration (16)
 C - a wand of flame (17)
 F - a wand of digging (5)
Scrolls
 d - 7 scrolls of teleportation
 e - 3 scrolls of identify
 f - 3 scrolls of remove curse
 i - a scroll of fear {unknown}
 k - 2 scrolls of fog {unknown}
 l - a scroll of enchant weapon {unknown}
 n - 3 scrolls of amnesia {unknown}
 o - a scroll of blinking {unknown}
 w - a scroll of random uselessness {unknown}
 D - a scroll of silence {unknown}
 G - a scroll of vulnerability {unknown}
Potions
 g - 4 potions of brilliance
 h - 3 potions of degeneration
 j - 4 potions of lignification
 t - 2 potions of invisibility
 v - a potion of flight
 z - a potion of magic {unknown}
 E - a potion of ambrosia {unknown}
Comestibles
 c - 10 rations


   Skills:
 * Level 4.5 Fighting
 + Level 5.2 Short Blades
 + Level 4.0 Dodging
 + Level 4.2 Stealth
 * Level 3.7 Shields
 * Level 5.3 Spellcasting
 + Level 4.1 Necromancy
 * Level 2.6 Invocations


You had 14 spell levels left.
You knew the following spells:

 Your Spells              Type           Power        Failure   Level  Hunger
a - Pain                  Necr           ###.         2%          1    None
d - Vampiric Draining     Necr           ###.......   7%          3    ##.....

Your spell library contained the following spells:

 Spells                   Type           Power        Failure   Level  Hunger
 Animate Skeleton         Necr           N/A          2%          1    None
 Animate Dead             Necr           N/A          22%         4    ####...
 Agony                    Necr           ###.....     54%         5    ######.


Dungeon Overview and Level Annotations

Branches:
Dungeon (7/15)             Temple (1/1) D:6           Sewer (visited)

Altars:
Cheibriados
Dithmenos
Gozag
Kikubaaqudgha
Makhleb
Nemelex Xobeh
Okawaru
Ru
Sif Muna
Trog
Uskayaw
Vehumet
Xom
The Shining One

Annotations:
D:6 3 runed translucent doors, Kold's ghost, novice OpTm


Innate Abilities, Weirdness & Mutations

You have razor-sharp teeth.
Your natural rate of healing is unusually fast.
When hurt, damage is shared between your health and your magic reserves.
Your bite disrupts and absorbs the magic of your enemies.
Potions cannot restore your health.
You are immune to rotting.


Message History

Casting: Vampiric Draining (dangerous; 7% risk of failure)
Confirm with . or Enter, or press ? or * to list all spells.
Okay, then.
Okay, then.
Okay, then.
You slash the orc priest!
You kill the orc priest!
Okawaru accepts your kill. The orc warrior barely misses you.
The orc warrior hits you but does no damage.
An orc comes into view. It is wielding a +0 hand axe.
The orc shouts!
The orc warrior misses you. The orc closely misses you.
There is a stone staircase leading down here.
The orc hits you with a +0 hand axe.
* * * LOW HITPOINT WARNING * * *
You block the orc warrior's attack. The orc barely misses you.
The orc warrior hits you from afar with a +0 halberd!!
You die...

##.#.#....)....#.#.#
##)#######.####.#.#
### #.# #.#.#
########.####.#.#
#.....##........#
#.###.#######.###
#.# #.##........#
#.###.#.#.#.#.#.#
#.@.oo.....###....
#.o##o#.....# ..##.
#..##.##).#.....#
#..##o###.##..J.#
#...)o# #.......#
##.#### #####.###
#.# .# #.# +# #.#


You could see an orc warrior, an orc priest, an orc wizard and an orc.

Vanquished Creatures
  Maggie (D:7)
  Prince Ribbit (D:6)
  Edmund (D:5)
  A black bear (D:5)
  2 phantoms
  A necrophage (D:7)
  2 orc warriors
  2 centaurs
  2 scorpions
  2 howler monkeys
  2 crimson imps (D:6)
  2 hounds
  4 orc priests
  An orc wizard (D:6)
  2 worker ants
  A hound zombie (D:5)
  A hound skeleton (D:4)
  8 gnolls
  2 howler monkey skeletons
  8 adders
  A river rat (D:4)
  A shadow imp (D:5)
  5 oozes
  2 adder zombies
  10 worms
  A dart slug (D:2)
  9 leopard geckos
  15 orcs
  15 bats
  2 giant cockroaches
  11 goblins
  3 hobgoblins
  4 jackals (Sewer)
  8 quokkas
  3 ball pythons
  A ball python zombie (D:2)
  7 frilled lizards
  5 kobolds
  A quokka zombie (D:2)
  14 rats
164 creatures vanquished.

Notes
Turn   | Place    | Note
-------+----------+-------------------------------------------
     0 | D:1      | Esekla the Vine Stalker Necromancer began the quest for the
                  | Orb.
     0 | D:1      | Reached XP level 1. HP: 9/9 MP: 4/4
   349 | D:1      | Reached XP level 2. HP: 14/14 MP: 4/6
   516 | D:2      | Found a faded altar of an unknown god.
   525 | D:2      | Became a worshipper of Warmaster Okawaru
   525 | D:2      | Reached * piety under Okawaru
   530 | D:2      | Reached skill level 1 in Fighting
   988 | D:1      | Reached XP level 3. HP: 18/18 MP: 6/8
  1855 | D:2      | Reached skill level 1 in Short Blades
  1855 | D:2      | Gained mutation: Your natural rate of healing is unusually
                  | fast. [Vine Stalker growth]
  1855 | D:2      | Reached XP level 4. HP: 22/22 MP: 9/9
  2071 | D:2      | Learned a level 3 spell: Vampiric Draining
  2357 | D:2      | Found a glowing golden altar of the Shining One.
  2359 | D:2      | Found a shimmering altar of Xom.
  2359 | D:2      | Found a snail-covered altar of Cheibriados.
  2362 | D:2      | Found a shimmering altar of Xom.
  2362 | D:2      | Found a hide-covered altar of Uskayaw.
  2362 | D:2      | Found an iron altar of Okawaru.
  2687 | D:3      | Found a glowing golden altar of the Shining One.
  3155 | D:3      | Reached XP level 5. HP: 25/26 MP: 10/10
  3483 | D:4      | Found a glowing drain.
  3487 | Sewer    | Entered a sewer
  3617 | Sewer    | Reached skill level 1 in Shields
  3941 | Sewer    | Reached XP level 6. HP: 30/30 MP: 10/12
  4314 | D:4      | Reached ** piety under Okawaru
  4751 | D:5      | Entered Level 5 of the Dungeon
  4854 | D:5      | Noticed a black bear
  4878 | D:5      | Killed a black bear
  4878 | D:5      | Reached XP level 7. HP: 19/35 MP: 7/13
  5445 | D:6      | Found a staircase to the Ecumenical Temple.
  5449 | Temple   | Entered the Ecumenical Temple
  5502 | D:6      | Noticed Edmund
  5541 | D:5      | Killed Edmund
  5546 | D:6      | Gained mutation: You have razor-sharp teeth. [Vine Stalker
                  | growth]
  5546 | D:6      | Reached XP level 8. HP: 40/40 MP: 15/15
  5707 | D:6      | Cast into level 1 of the Abyss (gnoll)
  5735 | D:6      | Escaped the Abyss
  5851 | D:6      | Found a runed translucent gate.
  5851 | D:6      | Found a runed translucent gate.
  5851 | D:6      | Found a runed translucent gate.
  5851 | D:6      | Found an opulent altar of Gozag.
  5851 | D:6      | Noticed a manticore
  5851 | D:6      | Noticed Kold's ghost (novice OpTm)
  5851 | D:6      | Noticed a yak
  6204 | D:6      | Reached *** piety under Okawaru
  6680 | D:6      | Noticed Prince Ribbit
  6689 | D:6      | Found a hide-covered altar of Uskayaw.
  6702 | D:6      | Found an iron altar of Okawaru.
  6703 | D:6      | Found a bloodstained altar of Trog.
  6703 | D:6      | Found a shimmering blue altar of Sif Muna.
  6703 | D:6      | Found a shadowy altar of Dithmenos.
  6703 | D:6      | Found a sacrificial altar of Ru.
  6705 | D:6      | Found an ancient bone altar of Kikubaaqudgha.
  6706 | D:6      | Found a radiant altar of Vehumet.
  6757 | D:6      | Killed Prince Ribbit
  6757 | D:6      | Reached skill level 1 in Invocations
  7007 | D:7      | Reached skill level 5 in Spellcasting
  7007 | D:7      | Reached XP level 9. HP: 45/45 MP: 17/17
  7116 | D:7      | Noticed Maggie
  7162 | D:7      | Killed Maggie
  7162 | D:7      | Reached **** piety under Okawaru
  7162 | D:7      | Reached skill level 5 in Short Blades
  7332 | D:7      | Mangled by an orc warrior

Illustrated notes

Levels and vault maps discovered:
D:1:      dpeg_arrival_tiny_a, layout_loops_ring, st_stairs_3
D:2:      layout_basic, doesnt_xom_only_xom, serial_undead, serial_undead_e,
          serial_undead_e, serial_undead_e, serial_undead_b,
          chequers_ecumenical_altar_simple_redux, roderic_serpentine_path
D:3:      layout_loops_ring, tso_altar, first_ration, minmay_statues_item,
          st_stairs_13
D:4:      layout_basic, lightli_sewer_entry_pipes,
          chequers_serial_rivers_micro_e
D:5:      black_bear_nest_1, layout_rooms, kennysheep_cluttered_room
D:6:      layout_basic, minitemple, minmay_temple_entry_glassed_door,
          ebering_ghost_gozag, uniq_prince_ribbit1, uniq_edmund
D:7:      layout_loops_corners, serial_shops, nicolae_shop_overgrown_old_shop,
          uniq_maggie
Temple:   dpeg_chambers_temple

Skill      XL: |  1  2  3  4  5  6  7  8  9 |
---------------+----------------------------+-----
Fighting       | 1 2 3 4 |  4.5
Spellcasting   | 3 4 5 |  5.3
Short Blades   | 1 2 3 4 5 |  5.2
Dodging        | 2 3 4 |  4.0
Shields        | 1 2 3 |  3.7
Stealth        | 3 4 |  4.2
Invocations    | 2 |  2.6
Necromancy     | |  4.1

Action                   |  1- 3 |  4- 6 |  7- 9 || total
-------------------------+-------+-------+-------++-------
Melee: Unarmed           |     8 |       |       ||     8
       Bite              |    29 |    86 |   109 ||   224
       Dagger            |    84 |   300 |   397 ||   781
       Scimitar          |       |       |     6 ||     6
Throw: Boomerang         |       |     2 |    17 ||    19
 Cast: Pain              |    10 |     3 |       ||    13
       Vampiric Draining |       |       |     7 ||     7
  Use: Scroll            |       |     3 |     4 ||     7
       Potion            |       |     1 |     2 ||     3
 Stab: Sleeping          |     9 |     7 |    11 ||    27
  Eat: Chunk             |     3 |    10 |     9 ||    22
Armor: Robe              |    14 |    96 |    78 ||   188
       Steam dragon scal |       |       |     3 ||     3
Dodge: Dodged            |    58 |   184 |   164 ||   406
Block: Buckler           |       |    65 |    52 ||   117
       Rpst.: Scimitar   |       |       |     3 ||     3
